 Dungeon Crawl Stone Soup version 0.25-a0-834-g55863b0b92 (webtiles) character file.

Game seed: 10797924020101710829, levelgen mode: deterministic

60 MisterFreud the Skirmisher (level 3, 0/18 HPs)
             Began as a Felid Skald on Apr 23, 2020.
             Slain by a worm (10 damage)
             ... on level 3 of the Dungeon.
             The game lasted 00:04:39 (2177 turns).

MisterFreud the Skirmisher (Felid Skald)            Turns: 2177, Time: 00:04:40

Health: 0/18       AC:  1    Str:  7    XL:     3   Next: 82%
Magic:  1/7        EV: 19    Int: 15    God:
Gold:   103        SH:  4    Dex: 15    Spells: 3/6 levels left
                                        Lives:  0   Deaths: 1

rFire    . . .     SeeInvis +     - Unarmed
rCold    . . .     Gourm    .   (shield unavailable)
rNeg     . . .     Faith    .   (armour unavailable)
rPois    .         Spirit   .   (helmet unavailable)
rElec    .         Reflect  +   (cloak unavailable)
rCorr    +         Harm     .   (gloves unavailable)
MR       .....                  (boots unavailable)
Stlth    ++........             h - +4 amulet of reflection
HPRegen  0.06/turn              f - ring of resist corrosion
MPRegen  0.10/turn              (no ring)

@: infused, quick
A: very small, no armour, no weapons or thrown items, stealth, claws 1, fangs 3,
see invisible, carnivore, speed 1, shaggy fur 1, slow metabolism 1, sharp paws
a: no special abilities


You were on level 3 of the Dungeon.
You were not hungry.

You visited 1 branch of the dungeon, and saw 3 of its levels.

You collected 103 gold pieces.

Inventory:

Jewellery
 f - a ring of resist corrosion (left paw)
 h - a +4 amulet of reflection (around neck)
Scrolls
 c - 5 scrolls of remove curse {unknown}
 d - 2 scrolls of teleportation {unknown}
 e - 3 scrolls of identify {unknown}
 k - a scroll of enchant armour {unknown}
Potions
 a - a potion of ambrosia {unknown}
 g - a potion of stabbing {unknown}
 i - 2 potions of mutation {unknown}
 j - a potion of magic {unknown}
 l - a potion of degeneration {unknown}
 m - a potion of invisibility {unknown}
 n - 2 potions of haste {unknown}
 p - a potion of might
 q - a potion of curing {unknown}
 r - a potion of flight {unknown}
Comestibles
 b - 5 rations


   Skills:
 - Level 4.0 Fighting
 + Level 3.8 Dodging
 + Level 2.0 Stealth
 + Level 2.5 Unarmed Combat
 - Level 2.0 Spellcasting
 - Level 3.6 Charms


You had 3 spell levels left.
You knew the following spells:

 Your Spells              Type           Power        Failure   Level  Hunger
a - Infusion              Chrm           ##..         4%          1    #......
b - Shroud of Golubria    Chrm/Tloc      #.....       16%         2    ###....

Your spell library contained the following spells:

 Spells                   Type           Power        Failure   Level  Hunger
 Song of Slaying          Chrm           ##......     8%          2    ###....
 Ozocubu's Armour         Chrm/Ice       #.......     32%         3    ###....
 Spectral Weapon          Hex/Chrm       Unusable     N/A         3    N/A

Dungeon Overview and Level Annotations

Branches:
Dungeon (3/15)

Altars:
The Shining One


Innate Abilities, Weirdness & Mutations

You cannot wear armour.
You are incapable of wielding weapons or throwing items.
Your paws allow you to move quietly. (Stealth)
You have sharp claws.
You have razor-sharp teeth.
You have supernaturally acute eyesight. (SInv)
You are carnivorous and can eat meat at any time.
You cover ground quickly.
You are covered in fur. (AC +1)
You have a slow metabolism.
Your sharp claws are effective at attacking unaware monsters.


Message History

Natasha is almost dead.
The worm misses you.
You scratch Natasha.
You kill Natasha!
Natasha screams in pain as she dies!
Your Stealth skill increases to level 2!
A worm is nearby!
A worm is nearby!
Unknown command.
A worm is nearby!
You scratch the worm.
The worm is lightly wounded.
You barely miss the worm.
The worm is lightly wounded.
The worm barely misses you.
You scratch the worm.
The worm is moderately wounded.
The worm bites you!
Ouch! That really hurt!
You die...

#.......#.......# #.......#
##..# .. .#.......#+###...#
##.#$#..............##
.(#.#..............#
####.#.#..............##### #
....#.#...................
#.###....#......w############
#$...$...#......@.......
#...#....##.###.########
#.....<....... #...†#..##....
#..5h#.###.... #..?.#.. +....
#....##.##.... %.....#
.#####. ####.).# ..


You could see a worm.

Vanquished Creatures
  Natasha (D:3)
  2 adders (D:2)
  A dart slug (D:2)
  A leopard gecko (D:1)
  3 giant cockroaches
  7 goblins
  6 hobgoblins
  6 jackals (D:1)
  2 quokkas (D:2)
  11 bats
  3 frilled lizards
  8 kobolds
  8 rats
59 creatures vanquished.

Notes
Turn   | Place    | Note
-------+----------+-------------------------------------------
     0 | D:1      | MisterFreud the Felid Skald began the quest for the Orb.
     0 | D:1      | Reached XP level 1. HP: 9/9 MP: 4/4
   219 | D:1      | Reached XP level 2. HP: 13/13 MP: 6/6
   223 | D:1      | Learned a level 2 spell: Shroud of Golubria
   286 | D:1      | Reached skill level 3 in Fighting
   752 | D:1      | Reached XP level 3. HP: 17/17 MP: 7/7
  1378 | D:2      | Reached skill level 4 in Fighting
  1531 | D:2      | Reached skill level 1 in Stealth
  1706 | D:2      | Reached XP level 4. HP: 22/22 MP: 2/8
  1760 | D:2      | Found a glowing golden altar of the Shining One.
  2141 | D:3      | Noticed Natasha
  2156 | D:3      | Slain by a shadow imp
  2157 | D:3      | Reached XP level 3. HP: -1/18 MP: 3/7
  2173 | D:3      | Killed Natasha
  2177 | D:3      | Slain by a worm

Levels and vault maps discovered:
D:1:      lemuel_arrival_rhombus, layout_loops_cross, serial_park_tiny_2
D:2:      layout_loops_ring, first_ration, nicolae_tso_swordbearing_angel
D:3:      layout_basic, uniq_sigmund, uniq_natasha

Skill      XL: |  1  2  3 |
---------------+----------+-----
Fighting       | 3 4 |  4.0
Stealth        | 2 |  2.0
Dodging        | |  3.8
Unarmed Combat | |  2.5
Spellcasting   | |  2.0
Charms         | |  3.6

Action                   |  1- 3 |  4- 6 || total
-------------------------+-------+-------++-------
Melee: Unarmed           |   137 |    41 ||   178
       Bite              |     9 |     5 ||    14
       Punch             |     1 |       ||     1
 Cast: Infusion          |    11 |     2 ||    13
       Shroud of Golubri |     9 |     2 ||    11
 Stab: Sleeping          |     7 |     4 ||    11
  Eat: Chunk             |     9 |     2 ||    11
Armor: Skin              |     5 |     6 ||    11
Dodge: Dodged            |   113 |    42 ||   155
Block: Other             |     8 |     3 ||    11
       Reflection        |     1 |       ||     1

Table legend:
 A = Non-vault XP
 B = Vault XP
 C = Vault XP percentage of total XP
 D = Non-vault monster count
 E = Vault monster count
 F = Vault count percentage of total count
                 A         B        C        D         E       F
            +---------+---------+-------+---------+---------+-------
      Total |     118 |      35 |  22.9 |      58 |       1 |   1.7
            +---------+---------+-------+---------+---------+-------
        D:1 |      61 |       0 |   0.0 |      37 |       0 |   0.0
        D:2 |      57 |       0 |   0.0 |      21 |       0 |   0.0
        D:3 |       0 |      35 | 100.0 |       0 |       1 | 100.0
            +---------+---------+-------+---------+---------+-------
